 Dungeon Crawl Stone Soup version 0.31-a0-983-g7b6862f502 (webtiles) character file.

Game seed: 617436959811072821

1181 Firecrotchwizard the Insei (level 7, -1/61 HPs)
             Began as a Demigod Shapeshifter on Nov 3, 2023.
             Slain by a sky beast (5 damage)
             ... on level 5 of the Dungeon.
             The game lasted 00:14:43 (5266 turns).

Firecrotchwizard the Insei (Demigod Shapeshifter)   Turns: 5266, Time: 00:14:44

Health: -1/61      AC:  8    Str: 15    XL:     7   Next: 99%
Magic:  9/9        EV: 11    Int: 12    God:
Gold:   226        SH:  0    Dex: 21    Spells: 6/6 levels left

rFire   . .          .
                       - Unarmed
rCold   . . .        (no shield)
rNeg    . . .        u - +3 ring mail
rPois   .            (helmet currently unavailable)
rElec   .            (cloak currently unavailable)
rCorr   .            (gloves currently unavailable)
SInv    .            (boots currently unavailable)
Will    .....        (no amulet)
Stlth   +            (no ring)
HPRegen 0.30/turn    (no ring)
MPRegen 0.11/turn

%: no passive effects
@: beast-form
A: beast (slay +3), high MP 1, forlorn, divine attributes
a: Begin Untransformation


You were on level 5 of the Dungeon.
You were a hulking beast.
You visited 1 branch of the dungeon, and saw 6 of its levels.

You collected 226 gold pieces.

Inventory:

Armour
 a - a +0 animal skin
 k - a +0 ring mail
 p - a +0 troll leather armour {Pargi}
 u - a +3 ring mail (worn)
Talismans
 c - a beast talisman
 d - a flux talisman
 f - a beast talisman
Scrolls
 g - 8 scrolls of identify {unknown}
 j - a scroll of noise {unknown}
 l - 2 scrolls of blinking {unknown}
 n - a scroll of butterflies {unknown}
 q - a scroll of poison {unknown}
 t - a scroll of brand weapon {unknown}
 v - a scroll of teleportation {unknown}
 w - a scroll of enchant armour {unknown}
Potions
 b - a potion of lignification
 e - a potion of mutation {unknown}
 h - 2 potions of heal wounds {unknown}
 i - a potion of brilliance {unknown}
 m - 2 potions of curing {unknown}
 o - a potion of degeneration {unknown}
 r - a potion of might {unknown}
 s - a potion of enlightenment {unknown}


   Skills:
 + Level 5.2 Fighting
 - Level 1.7 Dodging
 + Level 5.7 Unarmed Combat
 + Level 5.4 Shapeshifting


You had 6 spell levels left.
You didn't know any spells.
Your spell library contained the following spells:

 Spells                   Type           Power      Damage    Failure   Level
 Sting                    Tmut/Pois      0%         1d3       54%         1
 Poisonous Vapours        Pois/Air       0%         N/A       69%         2
 Inner Flame              Hex/Fire       0%         N/A       89%         3
 Flame Wave               Conj/Fire      0%         2d4       100%        4
 Olgreb's Toxic Radiance  Pois           0%         N/A       100%        4
 Sticky Flame             Conj/Fire      0%         2d3       100%        4


Dungeon Overview and Level Annotations

Branches:
Dungeon (6/15)             Temple (0/1) D:4

Annotations:
D:5 3 runed translucent doors, exclusion: ogre, Whiskey's ghost, novice OpSh
D:6 Blork the orc


Innate Abilities, Weirdness & Mutations

You are a hulking beast.
Your limbs bulge with bestial killing power. (Slay +3)
You have an increased reservoir of magic. (+10% MP)
You shall have no god before yourself.
Your divine heritage dramatically boosts your attributes as you level up.


Message History

The orc closely misses you. The gnoll barely misses you.
You climb upwards.
Level annotation: 3 runed translucent doors, exclusion: ogre, Whiskey's ghost, novice OpSh Reactivating autopickup.
There is a stone staircase leading down here.
You hit the gnoll.
The gnoll is moderately wounded.
The orc barely misses you. The gnoll closely misses you.
You barely miss the gnoll.
The gnoll is moderately wounded.
The orc barely misses you. The gnoll hits you with a +0 whip.
You closely miss the gnoll.
The gnoll is moderately wounded.
The orc hits you but does no damage. The gnoll closely misses you.
You hit the gnoll but do no damage.
The gnoll is moderately wounded.
The orc barely misses you. The gnoll hits you but does no damage.
You hit the gnoll.
The gnoll is heavily wounded.
The orc barely misses you. The gnoll barely misses you.
You hit the gnoll.
The gnoll is severely wounded.
The orc hits you but does no damage. The gnoll barely misses you.
You punch the gnoll!
You kill the gnoll!
The orc hits you with a +0 falchion.
You hit the orc.
The orc is heavily wounded.
The orc misses you.
You hit the orc but do no damage.
The orc is heavily wounded.
You closely miss the orc. You punch the orc.
The orc is severely wounded.
The orc closely misses you.
You hit the orc.
You kill the orc!
No target in view!
You start resting.
HP restored.
You climb downwards.
Level annotation: Blork the orc The gnoll hits you with a +0 flail.
The gnoll hits you but does no damage. The sky beast barely misses you.
The gnoll hits you with a +0 flail. x2
There is a stone staircase leading up, spattered with blood here.
The gnoll hits you with a +0 flail!
The sky beast hits you but does no damage.
The gnoll hits you with a +0 flail.
You climb upwards.
Level annotation: 3 runed translucent doors, exclusion: ogre, Whiskey's ghost, novice OpSh
There is a stone staircase leading down, spattered with blood here.
You hit the sky beast. You punch the sky beast.
The sky beast is lightly wounded.
The gnoll barely misses you.
The sky beast flickers out of sight!
Deactivating autopickup; reactivate with Ctrl-A.
Something hits you. Something shocks you.
* * * LOW HITPOINT WARNING * * *
The gnoll closely misses you.
You barely miss the gnoll. Something hits you but does no damage.
The gnoll barely misses you. x2
You punch the gnoll!
The gnoll is severely wounded.
Something hits you but does no damage. The gnoll barely misses you.
The gnoll hits you with a +0 flail!
* * * LOW HITPOINT WARNING * * *
You punch the gnoll!
You kill the gnoll!
You punch the gnoll!
The gnoll is severely wounded.
Something hits you but does no damage. The gnoll hits you with a +0 flail.
* * * LOW HITPOINT WARNING * * *
You barely miss the gnoll.
The gnoll is severely wounded.
Something hits you but does no damage. The gnoll completely misses you.
You hit the gnoll.
You kill the gnoll!
A sky beast appears from thin air!
Reactivating autopickup.
The sky beast barely misses you.
You hit the sky beast. You punch the sky beast.
The sky beast is moderately wounded.
The sky beast completely misses you.
You closely miss the sky beast.
The sky beast is moderately wounded.
The sky beast flickers out of sight!
Deactivating autopickup; reactivate with Ctrl-A.
Something hits you but does no damage.
You closely miss something. Something hits you.
* * * LOW HITPOINT WARNING * * *
Something shocks you.
* * * LOW HITPOINT WARNING * * *
You hit something but do no damage. Something hits you.
* * * LOW HITPOINT WARNING * * *
Something shocks you.
You die...

#..#.......#...#.≈..§....≈...#
#..######+##...'.≈≈≈§≈≈≈≈≈...#
#...#.....'...##..§§.§§......#
###'##.....#...####.#..###....#
#....##'#####............#.....
#...........#......+.....'.....
#...........#..##..####..#....<
#...........#..##..####'##.....
#...........'.h[.....#...#.....
#...........#{)).....'...#.....
#...........#######'######.....
#########'#..................##
#.....'..#..................#.
#.....#..#..................#.
#######..'..................#.
#....##..#..................##
#....##+###....)........####..


There were no monsters in sight!

Vanquished Creatures
  A water moccasin (D:5)
  Pargi (D:4)
  2 black bears (D:5)
  An ogre (D:5)
  A howler monkey (D:4)
  2 hounds
  4 orc priests
  2 gnoll boudas
  A sleepcap (D:4)
  2 iguanas (D:4)
  An orc wizard (D:4)
  2 adders
  16 gnolls
  2 white imps (D:5)
  4 dart slugs
  3 worms
  14 orcs
  11 ball pythons
  8 bats
  13 endoplasms
  4 giant cockroaches
  8 goblins
  8 hobgoblins
  5 jackals
  10 kobolds
  8 quokkas
  4 frilled lizards
  7 rats
145 creatures vanquished.

Notes
Turn   | Place    | Note
-------+----------+-------------------------------------------
     0 | D:1      | Firecrotchwizard the Demigod Shapeshifter began the quest
                  | for the Orb.
     0 | D:1      | Reached XP level 1. HP: 15/15 MP: 3/3
    11 | D:1      | Reached skill level 1 in Fighting
   181 | D:1      | Reached XP level 2. HP: 20/23 MP: 4/4
   541 | D:1      | Reached XP level 3. HP: 29/29 MP: 5/5
  1604 | D:3      | Reached XP level 4. HP: 18/36 MP: 6/6
  2207 | D:3      | Reached XP level 5. HP: 21/42 MP: 7/7
  2854 | D:4      | Noticed Pargi
  2869 | D:4      | Killed Pargi
  2870 | D:4      | Reached XP level 6. HP: 23/51 MP: 8/8
  3081 | D:4      | Found a staircase to the Ecumenical Temple.
  3197 | D:4      | Identified the +0 leather armour "Onoake" {rElec Str+3}
  3306 | D:4      | Reached XP level 7. HP: 51/59 MP: 9/9
  3712 | D:5      | Entered Level 5 of the Dungeon
  3786 | D:5      | Noticed Whiskey's ghost (novice OpSh)
  3791 | D:5      | Found a runed translucent gate.
  3791 | D:5      | Found a runed translucent gate.
  3791 | D:5      | Found a runed translucent gate.
  3879 | D:5      | Reached skill level 5 in Unarmed Combat
  4062 | D:5      | Reached skill level 5 in Shapeshifting
  4819 | D:5      | Reached skill level 5 in Fighting
  5064 | D:6      | Noticed Blork the orc
  5266 | D:5      | Slain by a sky beast

Illustrated notes

Levels and vault maps discovered:
D:1:      mrwooster_arrival_statue_2, layout_rooms,
          ebering_ecumenical_altar_abandoned, dreamdust_princess_bridge
D:2:      layout_rooms
D:3:      minmay_chambers_of_threes, layout_loops_ring
D:4:      layout_basic, minmay_temple_entry_mist, uniq_pargi
D:5:      layout_gridville, mainiacjoe_overflow_concentric_impassable,
          gammafunk_ghost_split
D:6:      layout_basic, uniq_prince_ribbit1, uniq_blork_the_orc

Skill      XL: |  1  2  3  4  5  6  7 |
---------------+----------------------+-----
Fighting       | 1 2 3 4 5 |  5.2
Unarmed Combat | 3 4 5 |  5.7
Shapeshifting  | 3 4 5 |  5.4
Dodging        | |  1.7

Action                     |  1- 3 |  4- 6 |  7- 9 || total
---------------------------+-------+-------+-------++-------
  Melee: Unarmed           |   181 |   237 |   139 ||   557
         Punch             |     1 |     9 |     5 ||    15
    Use: Potion            |       |     1 |     1 ||     2
 Armour: Animal skin       |    76 |       |       ||    76
         Ring mail         |    22 |    74 |    87 ||   183
         Skin              |       |    23 |     7 ||    30
         Troll leather arm |       |    24 |    15 ||    39
  Dodge: Dodged            |   126 |   116 |    83 ||   325

Table legend: (Time is in decaauts)
 A = Elapsed time spent in this place.
 B = Non-inter-level travel time spent in this place.
 C = Inter-level travel time spent in this place.
 D = Time resting spent in this place.
 E = Time spent auto-exploring this place.
 F = Levels seen in this place.
 G = Mean time per level.
                   A        B        C        D        E       F      G
               +--------+--------+--------+--------+--------+-----+--------+
         Total |   5241 |   5110 |    131 |    443 |   3480 |   6 |  873.5 |
       Dungeon |   5241 |   5110 |    131 |    443 |   3480 |   6 |  873.5 |
               +--------+--------+--------+--------+--------+-----+--------+

Top non-repeatable levels by time:
     D:5: 1513 daAuts
     D:3: 1362 daAuts
     D:4: 981 daAuts
     D:1: 720 daAuts
     D:2: 629 daAuts
     D:6: 33 daAuts
